 Dungeon Crawl Stone Soup version 0.30-a0-1074-g5db6f66fbb (webtiles) character file.

Game seed: 17854001397309981396

92 Dittersdorf the Covered (level 4, -1/29 HPs)
             Began as a Gargoyle Fighter on Apr 13, 2023.
             Killed by divine providence
             ... invoked by an orc priest
              (15 damage)
             ... on level 3 of the Dungeon.
             The game lasted 00:02:12 (1502 turns).

Dittersdorf the Covered (Gargoyle Fighter)          Turns: 1502, Time: 00:02:13

Health: -1/29      AC: 13    Str: 22    XL:     4   Next: 60%
Magic:  4/4        EV:  6    Int:  8    God:
Gold:   82         SH:  9    Dex:  9    Spells: 3/3 levels left

rFire   . . .      SeeInvis .    a - +0 flail
rCold   . . .      Faith    .    i - +1 kite shield {rPois}
rNeg    + . .      Spirit   .    f - +0 chain mail
rPois   ∞          Reflect  .    (no helmet)
rElec   +          Rampage  .    (no cloak)
rCorr   .                        (no gloves)
Will    .....                    (no boots) Stlth
                                 (no amulet)
HPRegen 0.24/turn                (no ring)
MPRegen 0.09/turn                (no ring)

@: no status effects
A: sickness immunity, AC +3, negative energy resistance 1, electricity
resistance, torment resistance 1, petrification resistance
a: no special abilities


You were on level 3 of the Dungeon.
You visited 1 branch of the dungeon, and saw 3 of its levels.

You collected 82 gold pieces.

Inventory:

Hand Weapons
 a - a +0 flail (weapon)
Missiles
 k - 6 poisoned darts (quivered)
Armour
 f - a +0 chain mail (worn)
 i - a +1 kite shield of poison resistance (worn)
Scrolls
 e - 2 scrolls of torment {unknown}
 g - 2 scrolls of identify {unknown}
 h - 3 scrolls of teleportation {unknown}
 n - a scroll of enchant armour {unknown}
 p - a scroll of magic mapping {unknown}
Potions
 b - a potion of degeneration {unknown}
 c - 2 potions of attraction {unknown}
 d - a potion of might
 j - a potion of heal wounds {unknown}
 l - 2 potions of flight {unknown}
 m - a potion of curing {unknown}
 o - a potion of resistance {unknown}


   Skills:
 + Level 4.0 Fighting
 + Level 2.8 Maces & Flails
 + Level 4.1 Armour
 + Level 4.0 Shields


You had 3 spell levels left.
You didn't know any spells.
Your spell library contained the following spells:

 Spells                   Type           Power      Damage    Failure   Level
 Scorch                   Fire           0%         2d5       100%        2
 Inner Flame              Hex/Fire       0%         N/A       100%        3
 Animate Dead             Necr           0%         N/A       100%        4
 Flame Wave               Conj/Fire      0%         2d4       100%        4
 Yara's Violent Unravell  Hex/Tmut       0%         3d3       100%        5
 Summon Cactus Giant      Summ           0%         N/A       100%        6
 Enfeeble                 Hex            0%         N/A       100%        7
 Haunt                    Necr/Summ      0%         N/A       100%        7
 Infestation              Necr           0%         N/A       100%        8


Dungeon Overview and Level Annotations

Branches:
Dungeon (3/15)

Altars:


Innate Abilities, Weirdness & Mutations

You are immune to sickness and miasma.
Your stone body is resilient. (AC +3)
You are immune to poison.
You resist negative energy. (rN+)
You are resistant to electric shocks. (rElec)
You are resistant to unholy torment.
You are immune to petrification.


Message History

No target in view!
No target in view!
No target in view!
No target in view!
No target in view!
No target in view!
No target in view!
No target in view!
No target in view!
No target in view!
You now have 74 gold pieces (gained 11).
You see here a +0 dagger.
You now have 82 gold pieces (gained 8).
An adder comes into view.
An orc comes into view. It is wielding a +0 mace.
Found a book of Air.
The orc shouts!
An orc comes into view. It is wielding a +0 trident.
The orc shouts!
An orc priest comes into view. It is wielding a +0 flail.
The orc priest shouts!
You thump the adder!
You kill the adder!
An orc wizard comes into view. It is wielding a +0 dagger.
Your Fighting skill increases to level 4!
The orc wizard casts a spell.
The orc wizard flickers and vanishes!
Deactivating autopickup; reactivate with Ctrl-A.
You block the orc's attack.
You barely miss the orc. You block the orc's attack.
You sock the orc priest!
The orc priest is almost dead.
The orc hits you from afar with a +0 trident.
The orc hits you but does no damage.
The orc priest mumbles some strange prayers to Beogh against you.
Beogh smites you! You block the orc's attack.
The orc priest mumbles some strange prayers to Beogh against you.
Beogh smites you!
Ouch! That really hurt!
You die...

###....
#.....#
#.....#..
#.....#.#
'....^.:.
#o.......
##.o......
#.@o......
#..†...#..
#......#
#.######
#.# #.#
#.# #.#
##.######


You could see an orc priest and 2 orcs.

Vanquished Creatures
  3 adders
  2 worms (D:2)
  4 ball pythons
  7 endoplasms
  6 giant cockroaches
  5 goblins
  6 hobgoblins
  2 jackals (D:1)
  5 quokkas
  4 bats
  3 frilled lizards (D:2)
  3 kobolds (D:1)
  3 rats
53 creatures vanquished.

Notes
Turn   | Place    | Note
-------+----------+-------------------------------------------
     0 | D:1      | Dittersdorf the Gargoyle Fighter began the quest for the
                  | Orb.
     0 | D:1      | Reached XP level 1. HP: 14/14 MP: 1/1
    45 | D:1      | Reached XP level 2. HP: 19/19 MP: 2/2
   279 | D:1      | Reached XP level 3. HP: 18/23 MP: 3/3
   916 | D:2      | Reached XP level 4. HP: 21/29 MP: 4/4
  1502 | D:3      | Killed from afar by an orc priest

Illustrated notes

Levels and vault maps discovered:
D:1:      lemuel_arrival_lava_pool, layout_loops_cross
D:2:      layout_loops_ring, minmay_pentomino_pile
D:3:      layout_basic, serial_shops, nicolae_shop_overgrown_old_shop,
          uniq_terence, uniq_natasha

Skill      XL: |  1  2  3  4 |
---------------+-------------+-----
Armour         | 4 |  4.1
Shields        | 4 |  4.0
Fighting       | 4 |  4.0
Maces & Flails | |  2.8

Action                     |  1- 3 |  4- 6 || total
---------------------------+-------+-------++-------
  Melee: Flail             |   119 |    70 ||   189
 Armour: Scale mail        |     6 |       ||     6
         Chain mail        |    97 |    43 ||   140
  Dodge: Dodged            |    58 |    15 ||    73
  Block: Buckler           |    20 |       ||    20
         Kite shield       |    28 |    29 ||    57

Table legend: (Time is in decaauts)
 A = Elapsed time spent in this place.
 B = Non-inter-level travel time spent in this place.
 C = Inter-level travel time spent in this place.
 D = Time resting spent in this place.
 E = Time spent auto-exploring this place.
 F = Levels seen in this place.
 G = Mean time per level.
                   A        B        C        D        E       F      G
               +--------+--------+--------+--------+--------+-----+--------+
         Total |   1576 |   1528 |     48 |      0 |   1087 |   3 |  525.3 |
       Dungeon |   1576 |   1528 |     48 |      0 |   1087 |   3 |  525.3 |
               +--------+--------+--------+--------+--------+-----+--------+

Top non-repeatable levels by time:
     D:1: 791 daAuts
     D:2: 739 daAuts
     D:3: 45 daAuts
